 Dungeon Crawl Stone Soup version 0.30-a0-879-ga8ba668304 (webtiles) character file.

Game seed: 812828482567692065

44 Indecide the Grave Robber (level 3, -11/21 HPs)
             Began as an Octopode Necromancer on Mar 12, 2023.
             Killed by an exploding orc (32 damage)
             ... ignited by their inner flame
             ... on level 3 of the Dungeon.
             The game lasted 00:13:27 (839 turns).

Indecide the Grave Robber (Octopode Necromancer)     Turns: 839, Time: 00:13:27

Health: -11/21     AC:  1    Str:  7    XL:     3   Next: 60%
Magic:  6/6        EV: 13    Int: 19    God:
Gold:   68         SH:  0    Dex: 12    Spells: 5/6 levels left

rFire   . . .      SeeInvis .    h - +0 dagger
rCold   . . .      Faith    .    (no shield)
rNeg    . . .      Spirit   .    (helmet restricted)
rPois   .          Reflect  .    (no amulet)
rElec   .          Rampage  .    (no ring)
rCorr   .                        (no ring)
Will    .....                    (no ring)
Stlth   ++++                     (no ring)
HPRegen 0.23/turn                (no ring)
MPRegen 0.10/turn                (no ring)
                                 (no ring)
                                 (no ring)

@: no status effects
A: almost no armour, amphibious, 8 rings, camouflage 1, gelatinous body 1,
nimble swimmer 1, tentacles
a: no special abilities


You were on level 3 of the Dungeon.
You visited 1 branch of the dungeon, and saw 3 of its levels.

You collected 68 gold pieces.

Inventory:

Hand Weapons
 h - a +0 dagger (weapon)
 i - a +0 club
 j - a +0 long sword
 k - a +0 hand axe
 n - a +0 club
Scrolls
 b - a scroll of identify
 c - a scroll of immolation
 d - 2 scrolls of teleportation {unknown}
 f - a scroll of amnesia {unknown}
 g - a scroll of summoning {unknown}
Potions
 a - a potion of magic
 e - a potion of curing {unknown}
 l - a potion of invisibility {unknown}


   Skills:
 + Level 2.4 Dodging
 + Level 2.8 Stealth
 + Level 2.0 Spellcasting
 + Level 5.0 Necromancy


You had 5 spell levels left.
You knew the following spells:

 Your Spells              Type           Power      Damage    Failure   Level
a - Necrotise             Necr           80%        1d8       2%          1

Your spell library contained the following spells:

 Spells                   Type           Power      Damage    Failure   Level
 Vampiric Draining        Necr           20%        2d7       6%          3
 Animate Dead             Necr           20%        N/A       22%         4
 Summon Guardian Golem    Hex/Summ       1%         N/A       45%         3
 Agony                    Necr           20%        N/A       52%         5
 Orb of Destruction       Conj           0%         9d5       100%        7
 Spellforged Servitor     Conj/Summ      0%         N/A       100%        7


Dungeon Overview and Level Annotations

Branches:
Dungeon (3/15)

Altars:
Fedhas


Innate Abilities, Weirdness & Mutations

You cannot wear most types of armour.
You are amphibious.
You can wear up to eight rings at the same time.
Your skin changes colour to match your surroundings (Stealth+).
Your rubbery body absorbs attacks. (AC +1, EV +1)
You are camouflaged when in or above water. (Stealth+)
You have tentacles for arms and can constrict up to eight enemies at once.


Message History

An orc comes into view. It is wielding a +0 falchion.
A magic dart appears from out of thin air!
The magic dart hits you.
Casting: Necrotise (safe; 3% risk of failure)
Confirm with . or Enter, or press ? or * to list all spells.
You can't see any susceptible monsters within range! (Use Z to cast anyway.)
Casting: Necrotise (safe; 3% risk of failure)
Confirm with . or Enter, or press ? or * to list all spells.
Aiming: Necrotise (safe; 3% risk of failure)
Press: ? - help, Shift-Dir - straight line Nothing appears to happen.
The orc shouts!
Reactivating autopickup.
You feel a bit more experienced.
Your Necromancy skill increases to level 5!
You have reached level 3!
Your experience leads to an increase in your attributes!
Increase (S)trength, (I)ntelligence, or (D)exterity?
You feel clever. x2
You enter the deep water.
An orc comes into view. It is wielding a +0 hand axe.
There are monsters nearby!
As you read the scroll labelled TATOTUBREN, it crumbles to dust.
It is a scroll of identify.
c - 2 scrolls of immolation
As you read the scroll of immolation, it crumbles to dust.
The creatures around you are filled with an inner flame!
Unknown command.
The orc completely misses you.
Hit: h) +0 dagger
Press: ? - help, Dir - move target, f - orc
Aim: an orc, wielding a +0 falchion and wearing a +0 leather armour (inner flame, about 38% to evade your +0 dagger)
You closely miss the orc.
The orc shouts!
You grab the orc. You constrict the orc.
Flame seeps out of the orc.
The orc is engulfed in blazing flames.
The orc explodes!
The fiery explosion engulfs you!!
Ouch! That really hurt!
You die...

######### #........
#.####### #.# ###########
###########.#
..(.).....#####...........#
#########........≈≈≈≈≈≈≈..#
#### #######.≈≈≈≈≈≈....#
#... #§§@≈_...o8..# #.##
#.○§≈≈≈≈≈....# #.#
....§§§≈≈≈≈≈≈≈..# #.#
#.###......o..[..# #.#
#...#####....####.## #.###
###........... #.
##.......###.## #.
###............#
...........#####


You could see 2 orcs.

Vanquished Creatures
  An orc wizard (D:3)
  2 orcs (D:3)
  A ball python (D:3)
  An endoplasm (D:1)
  2 goblins (D:1)
  A hobgoblin (D:1)
  6 jackals (D:1)
  A bat (D:1)
  A frilled lizard (D:1)
16 creatures vanquished.

Notes
Turn   | Place    | Note
-------+----------+-------------------------------------------
     0 | D:1      | Indecide the Octopode Necromancer began the quest for the
                  | Orb.
     0 | D:1      | Reached XP level 1. HP: 11/11 MP: 3/3
   399 | D:1      | Reached XP level 2. HP: 17/17 MP: 5/5
   714 | D:2      | You fall into a shaft and drop 1 floor!
   743 | D:3      | Found a blossoming altar of Fedhas.
   808 | D:3      | Reached skill level 5 in Necromancy
   808 | D:3      | Reached XP level 3. HP: 14/21 MP: 4/6
   839 | D:3      | Killed by an exploding orc... ignited by their inner flame

Illustrated notes

Levels and vault maps discovered:
D:1:      wheals_arrival_shading, layout_rooms
D:2:      layout_loops_ring, corexii_hall_statues_u, minmay_tiny_reverse_x
D:3:      layout_loops_ring, mainiacjoe_overflow_catwalk, uniq_natasha

Skill      XL: |  1  2 |
---------------+-------+-----
Necromancy     | 5 |  5.0
Dodging        | |  2.4
Stealth        | |  2.8
Spellcasting   | |  2.0

Action                     || total
---------------------------++-------
  Melee: Unarmed           ||     9
         Constrict         ||     6
         Tentacles         ||     5
         Dagger            ||    10
         Long sword        ||     2
  Throw: Dart              ||     9
         Stone             ||     6
   Cast: Necrotise         ||     3
    Use: Scroll            ||     2
   Stab: Sleeping          ||     1
 Armour: Skin              ||     2
  Dodge: Dodged            ||    11

Table legend: (Time is in decaauts)
 A = Elapsed time spent in this place.
 B = Non-inter-level travel time spent in this place.
 C = Inter-level travel time spent in this place.
 D = Time resting spent in this place.
 E = Time spent auto-exploring this place.
 F = Levels seen in this place.
 G = Mean time per level.
                   A        B        C        D        E       F      G
               +--------+--------+--------+--------+--------+-----+--------+
         Total |    838 |    838 |      0 |     24 |    166 |   3 |  279.3 |
       Dungeon |    838 |    838 |      0 |     24 |    166 |   3 |  279.3 |
               +--------+--------+--------+--------+--------+-----+--------+

Top non-repeatable levels by time:
     D:1: 714 daAuts
     D:3: 124 daAuts
